 Dungeon Crawl Stone Soup version 0.31-a0-955-gcb8bc90ed4 (webtiles) character file.

Game seed: 4834468765274945905

26204 Jannitor the Nimble (level 13, -1/96 (101) HPs)
             Began as a Gnoll Gladiator on Oct 20, 2023.
             Was a High Priest of Vehumet.
             Slain by a pharaoh ant (7 damage)
             ... on level 2 of the Lair of Beasts on Oct 22, 2023.
             The game lasted 00:49:12 (18666 turns).

Jannitor the Nimble (Gnoll Gladiator)              Turns: 18666, Time: 00:49:12

HP:   -1/96 (101)   AC: 12    Str: 16    XL:     13   Next: 24%
MP:   10/25         EV: 17    Int: 10    God:    Vehumet [*****.]
Gold: 772           SH:  7    Dex: 20    Spells: 5/28 levels left

rFire   + . .        a - +2 demon whip (venom)
rCold   + . .        k - +0 buckler
rNeg    . . .        U - +0 swamp dragon scales
rPois   +            c - +0 helmet
rElec   .            r - scarf {rC+ rF+}
rCorr   .            Q - +0 pair of gloves {Stlth+}
SInv    .            (no boots)
Will    .....        v - amulet of faith
Stlth   +++++        y - +6 ring of dexterity
HPRegen 0.36/turn    L - +4 ring of slaying
MPRegen 0.19/turn

%: faith
@: about to teleport, studying Necromancy, lightly drained
A: fangs 1, strong nose, distributed training
a: Renounce Religion


You were on level 2 of the Lair of Beasts.
You worshipped Vehumet.
Vehumet was extremely pleased with you.
You visited 2 branches of the dungeon, and saw 13 of its levels.
You also visited: Ossuary and Ice Cave.

You collected 982 gold pieces.
You spent 210 gold pieces at shops.

Inventory:

Hand Weapons
 a - a +2 demon whip of venom (weapon)
 b - a +0 hand cannon of freezing
 N - a +5 scimitar of protection
Missiles
 d - 3 throwing nets (quivered)
 e - 5 javelins
Armour
 c - a +0 helmet (worn)
 f - a +0 ring mail
 k - a +0 buckler (worn)
 m - a +2 crystal plate armour of cold resistance
 p - a +2 scale mail of cold resistance
 r - a scarf of resistance (worn)
 I - an orb of guile
 Q - a +0 pair of gloves of stealth (worn)
 R - a +2 robe of willpower
 U - +0 swamp dragon scales (worn)
Jewellery
 u - an amulet of regeneration
 v - an amulet of faith (around neck)
 x - a ring of flight
 y - a +6 ring of dexterity (left hand)
 C - a +6 ring of dexterity
 L - a +4 ring of slaying (right hand)
 M - a ring of magical power
 O - a ring of ice
 P - a +6 ring of dexterity
 S - a ring of willpower
Wands
 o - a wand of charming (6)
 q - a wand of roots (6)
 F - a wand of mindburst (1)
 H - a wand of flame (1)
 K - a wand of polymorph (13)
Scrolls
 g - 3 scrolls of teleportation
 h - 4 scrolls of poison
 i - a scroll of brand weapon
 s - 2 scrolls of vulnerability
 w - a scroll of revelation
 z - a scroll of enchant armour
 B - 2 scrolls of silence
 D - 2 scrolls of amnesia
 E - a scroll of immolation
 T - a scroll of torment
Potions
 l - a potion of mutation
 n - a potion of brilliance
 A - 6 potions of enlightenment
 G - 2 potions of attraction
 J - a potion of lignification
Miscellaneous
 t - a condenser vane (inert)


   Skills:
 + Level 9.5 Fighting
 + Level 8.2 Short Blades
 + Level 8.2 Long Blades
 + Level 8.2 Axes
 + Level 8.2 Maces & Flails
 + Level 10.6 Polearms
 + Level 8.2 Staves
 + Level 8.2 Ranged Weapons
 + Level 9.5 Throwing
 + Level 8.2 Armour
 + Level 10.6 Dodging
 + Level 8.2 Stealth
 + Level 8.2 Shields
 + Level 8.2 Unarmed Combat
 + Level 8.2 Spellcasting
 + Level 6.9 Conjurations
 + Level 6.9 Hexes
 + Level 6.9 Summonings
 + Level 7.6 Necromancy
 + Level 6.9 Translocations
 + Level 6.9 Transmutations
 + Level 6.9 Fire Magic
 + Level 6.9 Ice Magic
 + Level 6.9 Air Magic
 + Level 6.9 Earth Magic
 + Level 6.9 Poison Magic
 + Level 9.0 Invocations
 + Level 8.2 Evocations
 + Level 7.5 Shapeshifting


You had 5 spell levels left.
You knew the following spells:

 Your Spells              Type           Power      Damage    Failure   Level
a - Freeze                Ice            68%        1d8       1%          1
b - Arcjolt               Conj/Air       8%         1d18      16%         5
c - Sticky Flame          Conj/Fire      17%        2d4       5%          4
d - Flame Wave            Conj/Fire      17%        2d7       5%          4
e - Airstrike             Air            8%         2d(2-18)  5%          4
f - Iskenderun's Battles  Conj           17%        2d7       16%         5

Your spell library contained the following spells:

 Spells                   Type           Power      Damage    Failure   Level
 Shock                    Conj/Air       68%        1d7       1%          1
 Summon Guardian Golem    Hex/Summ       17%        N/A       6%          3
 Swiftness                Air            17%        N/A       6%          3
 Simulacrum               Ice/Necr       9%         N/A       95%         6
 Orb of Destruction       Conj           8%         9d6       98%         7
 Ozocubu's Refrigeration  Ice            8%         4d9       98%         7
 Spellforged Servitor     Conj/Summ      8%         N/A       98%         7
 Polar Vortex             Ice            8%         12d1*     100%        9


Dungeon Overview and Level Annotations

Branches:
Dungeon (11/15)            Temple (0/1) D:4            Lair (2/5) D:9
    Orc (0/2) D:9         Ossuary (visited)           IceCv (visited)
  Swamp: Lair:2-3    Shoals: Lair:2-3     Snake: Lair:2-3    Spider: Lair:2-3

Altars:
Ashenzari
Dithmenos
Elyvilon
Gozag
Hepliaklqana
Kikubaaqudgha
Makhleb
Nemelex Xobeh
Okawaru
Sif Muna
Uskayaw
Vehumet
Xom
Yredelemnul
Zin

Shops:
D:6 *   D:8 *[[[

Annotations:
D:4 1 runed translucent door, Crazy Yiuf, Grinder
D:9 Joseph
D:11 2 transporters, Merkmiralles's ghost, journeyman MiBe


Innate Abilities, Weirdness & Mutations

You have very sharp teeth.
Your uncanny sense of smell can sniff out nearby items.
Your experience applies equally to all skills.


Message History

The elephant tramples you but does no damage.
The elephant barely misses you.
You whack the elephant!
The elephant is almost dead.
The pharaoh ant misses you.
You whack the elephant!
You kill the elephant!
Vehumet accepts your kill.
You feel your power returning. The pharaoh ant bites you!
You feel drained.
Your life force feels restored.
You thrash the elephant!!
The elephant looks as sick as possible!
The elephant is moderately wounded.
The pharaoh ant bites you. You block the elephant's attack.
The elephant trunk-slaps you but does no damage.
A nearby fungus withers and dies.
A black mamba comes into view.
The pharaoh ant attacks as it pursues you!
The pharaoh ant completely misses you. The pharaoh ant closely misses you.
You block the elephant's attack. x2; The cane toad stings the fungus!
The fungus begins to die.
Found 3 boomerangs.
The elephant attacks as it pursues you! The elephant tramples you!
You stumble backwards!
The black mamba hisses angrily.
The pharaoh ant attacks as it pursues you!
The pharaoh ant barely misses you.
The pharaoh ant attacks as it pursues you!
The pharaoh ant bites you but does no damage.
The black mamba misses you. The pharaoh ant bites you!!
You block the black mamba's attack.
As you read the scroll of teleportation, it crumbles to dust.
You feel strangely unstable. The pharaoh ant bites you!!
* * * LOW HITPOINT WARNING * * *
You feel drained.
* * * LOW HITPOINT WARNING * * *
The black mamba barely misses you.
The scorpion stings the plant.
The plant begins to die.
You feel better. The black mamba bites you!
* * * LOW HITPOINT WARNING * * *
The pharaoh ant bites you!
You die...

#♣P~## ##PP~~~##
~♣~PPPP# #♣~~~P~~#
#~P.P~.♣ ## ### ##.....#
.#P.#######.####Y.....##
.....(..BYY...Y......!..
.......@Ss.FY...#P..Y...
......##Ps......###...##
....# ####.....# #..##
... ##.....# #..##. .
.......###YY...
.#......##.F.#..
#P.....##.#....
#..........)..
#.............


You could see 4 elephants, a black mamba, a cane toad, a pharaoh ant and 2
scorpions.

Vanquished Creatures
  Josephine (D:10)
  3 two-headed ogres
  3 boulder beetles
  Urug (D:10)
  Nergalle (Lair:1)
  Amaemon (D:10)
  Pikel (D:5)
  A necromancer (IceCv)
  An ugly thing (IceCv)
  An elephant (Lair:2)
  An ice statue (IceCv)
  2 black mambas
  Maggie (D:10)
  A cane toad (Lair:1)
  An orange demon (D:10)
  Jeremiah (Lair:1)
  An unseen horror (D:11)
  2 komodo dragons
  A rime drake (Lair:1)
  2 anaconda simulacra (IceCv)
  A kobold demonologist (D:10)
  11 ice devils (IceCv)
  7 freezing wraiths (IceCv)
  4 blink frogs (Lair:1)
  A dire elephant simulacrum (IceCv)
  A vampire (D:11)
  A wyvern (D:9)
  3 wraiths (D:10)
  Grum (D:9)
  17 yaks
  A steam dragon (D:10)
  6 death yak simulacra (IceCv)
  A harpy simulacrum (IceCv)
  7 water moccasins
  6 orc warriors
  A black bear (D:6)
  A sky beast (D:8)
  An ice beast (D:7)
  2 wolves (D:9)
  An ogre (D:6)
  3 centaurs
  3 lemures
  2 phantoms
  3 kobold brigands
  6 bullfrogs
  4 scorpions
  A cane toad simulacrum (IceCv)
  4 two-headed ogre simulacra (IceCv)
  4 water moccasin zombies (Ossuary)
  3 wights (D:8)
  3 elephant simulacra (IceCv)
  4 electric eels
  A crimson imp (D:9)
  A jelly (D:7)
  4 hounds
  4 orc priests
  A sleepcap (D:6)
  13 orc wizards
  An iguana (D:6)
  Natasha (thrice) (D:4)
  5 polar bear simulacra (IceCv)
  5 wolf simulacra (IceCv)
  2 mummies (Ossuary)
  14 gnolls
  7 adders
  A naga simulacrum (IceCv)
  A shadow imp (D:8)
  5 white imps
  2 ufetubi (D:6)
  3 adder zombies (Ossuary)
  3 worms
  2 dart slugs
  47 orcs
  8 endoplasms
  6 giant cockroaches
  5 goblins
  9 hobgoblins
  5 jackals
  4 quokkas
  11 ball pythons
  6 bats
  3 frilled lizards
  2 gnoll zombies (Ossuary)
  7 hobgoblin zombies (Ossuary)
  29 kobolds
  7 orc zombies (Ossuary)
  A rat (D:3)
369 creatures vanquished.

Vanquished Creatures (others)
  A two-headed ogre simulacrum (IceCv)
1 creature vanquished.

Grand Total: 370 creatures vanquished

Notes
Turn   | Place    | Note
-------+----------+-------------------------------------------
     0 | D:1      | Jannitor the Gnoll Gladiator began the quest for the Orb.
     0 | D:1      | Reached XP level 1. HP: 20/20 MP: 1/1
   104 | D:1      | Reached XP level 2. HP: 26/26 MP: 2/2
   461 | D:1      | Reached XP level 3. HP: 31/31 MP: 3/3
   484 | D:1      | Found a faded altar of an unknown god.
   510 | D:1      | Prayed at the altar of an unknown god.
   510 | D:1      | Became a worshipper of Vehumet
   510 | D:1      | Reached * piety under Vehumet
   510 | D:1      | Offered knowledge of Freeze by Vehumet.
   983 | D:2      | Reached skill level 1 in Invocations
  1026 | D:2      | Learned a level 1 spell: Freeze
  1405 | D:2      | Reached skill level 1 in Short Blades
  1405 | D:2      | Reached skill level 1 in Long Blades
  1405 | D:2      | Reached skill level 1 in Axes
  1405 | D:2      | Reached skill level 1 in Maces & Flails
  1405 | D:2      | Reached skill level 1 in Staves
  1405 | D:2      | Reached skill level 1 in Ranged Weapons
  1405 | D:2      | Reached skill level 1 in Armour
  1405 | D:2      | Reached skill level 1 in Stealth
  1405 | D:2      | Reached skill level 1 in Shields
  1405 | D:2      | Reached skill level 1 in Unarmed Combat
  1405 | D:2      | Reached skill level 1 in Spellcasting
  1405 | D:2      | Reached skill level 1 in Evocations
  1428 | D:2      | Reached XP level 4. HP: 38/38 MP: 5/5
  1473 | D:2      | Reached skill level 1 in Shapeshifting
  1601 | D:2      | Reached ** piety under Vehumet
  1776 | D:3      | Offered knowledge of Momentum Strike by Vehumet.
  1838 | D:3      | Reached skill level 1 in Conjurations
  1838 | D:3      | Reached skill level 1 in Hexes
  1838 | D:3      | Reached skill level 1 in Summonings
  1838 | D:3      | Reached skill level 1 in Necromancy
  1838 | D:3      | Reached skill level 1 in Translocations
  1838 | D:3      | Reached skill level 1 in Transmutations
  1838 | D:3      | Reached skill level 1 in Fire Magic
  1838 | D:3      | Reached skill level 1 in Ice Magic
  1838 | D:3      | Reached skill level 1 in Air Magic
  1838 | D:3      | Reached skill level 1 in Earth Magic
  1838 | D:3      | Reached skill level 1 in Poison Magic
  1858 | D:3      | Reached XP level 5. HP: 26/43 MP: 5/7
  2703 | D:3      | Reached XP level 6. HP: 50/50 MP: 8/8
  2705 | D:3      | Offered knowledge of Dazzling Flash by Vehumet.
  2811 | D:4      | Noticed Natasha
  2811 | D:4      | Found a sand-covered staircase.
  2815 | D:4      | Killed Natasha
  2820 | Ossuary  | Entered an ossuary
  2864 | Ossuary  | Reached skill level 5 in Fighting
  2864 | Ossuary  | Reached skill level 5 in Throwing
  2873 | Ossuary  | Reached *** piety under Vehumet
  2990 | Ossuary  | Reached XP level 7. HP: 41/56 MP: 10/10
  3092 | Ossuary  | Offered knowledge of Hailstorm by Vehumet.
  3315 | D:4      | Found a staircase to the Ecumenical Temple.
  3964 | D:4      | Found a runed translucent door.
  3965 | D:4      | Noticed Crazy Yiuf
  4019 | D:4      | Found a hazy altar of Hepliaklqana.
  4038 | D:4      | Noticed Grinder
  4224 | D:4      | Noticed Natasha
  4232 | D:4      | Killed Natasha
  4232 | D:4      | Reached **** piety under Vehumet
  4391 | D:4      | Noticed Natasha
  4402 | D:4      | Killed Natasha
  4437 | D:5      | Entered Level 5 of the Dungeon
  4597 | D:5      | Noticed Pikel
  4641 | D:4      | Offered knowledge of Arcjolt by Vehumet.
  4668 | D:4      | Learned a level 5 spell: Arcjolt
  4904 | D:5      | Reached XP level 8. HP: 31/63 MP: 12/12
  5433 | D:5      | Killed Pikel
  6091 | D:6      | Reached XP level 9. HP: 63/69 MP: 14/14
  6262 | D:6      | Upgraded the game from 0.31-a0-934-gf4fcaacff8 to
                  | 0.31-a0-948-gf5be29c462
  6303 | D:6      | Found a shadowy altar of Dithmenos.
  6303 | D:6      | Found an ancient bone altar of Kikubaaqudgha.
  6303 | D:6      | Found a shimmering blue altar of Sif Muna.
  6303 | D:6      | Found a white marble altar of Elyvilon.
  6304 | D:6      | Found a sparkling altar of Nemelex Xobeh.
  6304 | D:6      | Found a radiant altar of Vehumet.
  6378 | D:6      | Found an opulent altar of Gozag.
  6379 | D:6      | Found a basalt altar of Yredelemnul.
  6379 | D:6      | Found a glowing silver altar of Zin.
  6380 | D:6      | Found a burning altar of Makhleb.
  6504 | D:6      | Found Odasiuda's CLEARANCE SALE!.
  7095 | D:7      | Reached ***** piety under Vehumet
  7097 | D:7      | Offered knowledge of Sticky Flame by Vehumet.
  7141 | D:6      | Learned a level 4 spell: Sticky Flame
  7305 | D:7      | Reached skill level 5 in Invocations
  8118 | D:8      | Reached XP level 10. HP: 39/77 MP: 15/17
  8287 | D:8      | Reached skill level 5 in Short Blades
  8287 | D:8      | Reached skill level 5 in Long Blades
  8287 | D:8      | Reached skill level 5 in Axes
  8287 | D:8      | Reached skill level 5 in Maces & Flails
  8287 | D:8      | Reached skill level 5 in Staves
  8287 | D:8      | Reached skill level 5 in Ranged Weapons
  8287 | D:8      | Reached skill level 5 in Armour
  8287 | D:8      | Reached skill level 5 in Stealth
  8287 | D:8      | Reached skill level 5 in Shields
  8287 | D:8      | Reached skill level 5 in Unarmed Combat
  8287 | D:8      | Reached skill level 5 in Spellcasting
  8287 | D:8      | Reached skill level 5 in Evocations
  8291 | D:8      | Found an iron altar of Okawaru.
  8330 | D:8      | Found Keresaspa's Dragon-Slaying Spoils.
  8521 | D:8      | Found Pipytoom's General Store.
  8537 | D:8      | Found Potese's Antique Armour Shoppe.
  8539 | D:8      | Found Cytz's Antique Armour Emporium.
  8548 | D:8      | Bought a pair of glowing gloves for 210 gold pieces
  8636 | D:9      | Found a shimmering altar of Xom.
  8739 | D:9      | Noticed Joseph
  9114 | D:9      | Noticed a two-headed ogre
  9138 | D:9      | Upgraded the game from 0.31-a0-948-gf5be29c462 to
                  | 0.31-a0-955-gcb8bc90ed4
  9154 | D:9      | Killed a two-headed ogre
  9217 | D:9      | Found a staircase to the Orcish Mines.
  9253 | D:9      | Noticed Grum
  9259 | D:9      | Killed Grum
  9531 | D:9      | Found a staircase to the Lair.
  9698 | D:10     | Entered Level 10 of the Dungeon
  9704 | D:10     | Reached skill level 5 in Shapeshifting
 10042 | D:10     | Noticed Josephine
 10137 | D:10     | Killed Josephine
 10278 | D:10     | Reached XP level 11. HP: 33/84 MP: 17/19
 10469 | D:10     | Noticed Maggie
 10716 | D:10     | Killed Maggie
 10717 | D:10     | Reached skill level 5 in Conjurations
 10717 | D:10     | Reached skill level 5 in Hexes
 10717 | D:10     | Reached skill level 5 in Summonings
 10717 | D:10     | Reached skill level 5 in Necromancy
 10717 | D:10     | Reached skill level 5 in Translocations
 10717 | D:10     | Reached skill level 5 in Transmutations
 10717 | D:10     | Reached skill level 5 in Fire Magic
 10717 | D:10     | Reached skill level 5 in Ice Magic
 10717 | D:10     | Reached skill level 5 in Air Magic
 10717 | D:10     | Reached skill level 5 in Earth Magic
 10717 | D:10     | Reached skill level 5 in Poison Magic
 10999 | D:10     | Found a hide-covered altar of Uskayaw.
 10999 | D:10     | Noticed a +0 dagger
 11000 | D:10     | Noticed a +0 falchion
 11000 | D:10     | Noticed a +0 spear
 11001 | D:10     | Noticed a +0 spear
 11002 | D:10     | Noticed a +0 falchion
 11002 | D:10     | Noticed a +0 dagger
 11003 | D:10     | Noticed a +0 short sword
 11004 | D:10     | Noticed a +0 short sword
 11028 | D:10     | Noticed Amaemon
 11060 | D:10     | Noticed a two-headed ogre
 11061 | D:10     | Noticed Urug
 11105 | D:11     | Noticed a deep elf pyromancer
 11108 | D:11     | Noticed a flayed ghost
 11109 | D:11     | Found a transporter.
 11109 | D:11     | Noticed Merkmiralles's ghost (journeyman MiBe)
 11169 | D:11     | Found a frozen archway.
 11175 | IceCv    | Entered an ice cave
 11183 | IceCv    | Offered knowledge of Flame Wave by Vehumet.
 11417 | IceCv    | Learned a level 4 spell: Flame Wave
 11422 | IceCv    | Learned a level 4 spell: Airstrike
 13742 | IceCv    | Noticed a white ugly thing
 13981 | IceCv    | Killed a white ugly thing
 13982 | IceCv    | Reached XP level 12. HP: 75/94 MP: 14/22
 14263 | IceCv    | Found an ancient bone altar of Kikubaaqudgha.
 15343 | D:11     | Found a transporter.
 15388 | D:11     | Noticed a boulder beetle
 15424 | D:11     | Killed a boulder beetle
 15425 | D:11     | Reached skill level 10 in Polearms
 15425 | D:11     | Reached skill level 10 in Dodging
 15762 | D:11     | Noticed a two-headed ogre
 15770 | D:11     | Killed a two-headed ogre
 16449 | D:9      | Killed a two-headed ogre
 16540 | D:10     | Killed Urug
 16970 | D:10     | Found a broken altar of Ashenzari.
 17016 | D:10     | Killed Amaemon
 17020 | D:10     | Offered knowledge of Iskenderun's Battlesphere by Vehumet.
 17042 | D:10     | Learned a level 5 spell: Iskenderun's Battlesphere
 17376 | Lair:1   | Entered Level 1 of the Lair of Beasts
 17379 | Lair:1   | Noticed a boulder beetle
 17403 | D:9      | Killed a boulder beetle
 17674 | Lair:1   | Reached XP level 13. HP: 101/101 MP: 15/24
 17793 | Lair:1   | Noticed Nergalle
 17800 | Lair:1   | Killed Nergalle
 18040 | Lair:1   | Noticed Jeremiah
 18044 | Lair:1   | Killed Jeremiah
 18666 | Lair:2   | Slain by a pharaoh ant

Illustrated notes

Levels and vault maps discovered:
D:1:      saegor_arrival_simple_a, layout_basic, basic_ecumenical_altar,
          chequers_jeans
D:2:      layout_loops_corners
D:3:      layout_basic, kennysheep_flooded_box, st_stairs_3,
          kennysheep_generic_room_11
D:4:      layout_loops_corners, lemuel_round_altar,
          minmay_temple_entry_statues_fountains, enter_ossuary_1, uniq_natasha,
          uniq_crazy_yiuf_cottage, uniq_grinder
D:5:      layout_rooms, st_stairs_11, uniq_pikel
D:6:      layout_basic, nicolae_overflows_in_rows, nicolae_shop_clearance
D:7:      layout_rooms
D:8:      layout_rooms, kennysheep_okawaru_gauntlet, serial_shops, shop, shop,
          shop, nicolae_shop_dragon_depot
D:9:      layout_loops_cross, mainiacjoe_overflow_24_doors, lair_entry_dummy,
          orc_0_dummy, minmay_fire_ice_demons, uniq_joseph, uniq_grum
D:10:     hellmonk_crumbling_castle, layout_gridville,
          nicolae_uskayaw_en_pointe, mainiacjoe_overflow_six_doors_small,
          chequers_big_river, uniq_urug, uniq_josephine, uniq_maggie,
          uniq_amaemon
D:11:     layout_loops_cross, gammafunk_ghost_arena,
          portal_ice_cave_entry_pillars_1
Lair:1:   layout_roguey, infiniplex_staircase_pool, uniq_nergalle, uniq_jeremiah
Lair:2:   layout_regular_city, nicolae_swamp_entry_spooky,
          nicolae_spider_entry_lesser_pyramids, grunt_megastairs_4,
          serial_bayou_shore_b

Skill      XL: |  1  2  3  4  5  6  7  8  9 10 11 12 13 |
---------------+----------------------------------------+-----
Invocations    | 1 2 3 4 5 6 7 8 9 |  9.0
Short Blades   | 1 2 3 4 5 6 7 8 |  8.2
Long Blades    | 1 2 3 4 5 6 7 8 |  8.2
Axes           | 1 2 3 4 5 6 7 8 |  8.2
Maces & Flails | 1 2 3 4 5 6 7 8 |  8.2
Staves         | 1 2 3 4 5 6 7 8 |  8.2
Ranged Weapons | 1 2 3 4 5 6 7 8 |  8.2
Armour         | 1 2 3 4 5 6 7 8 |  8.2
Stealth        | 1 2 3 4 5 6 7 8 |  8.2
Shields        | 1 2 3 4 5 6 7 8 |  8.2
Unarmed Combat | 1 2 3 4 5 6 7 8 |  8.2
Spellcasting   | 1 2 3 4 5 6 7 8 |  8.2
Evocations     | 1 2 3 4 5 6 7 8 |  8.2
Shapeshifting  | 1 2 3 4 5 6 7 |  7.5
Conjurations   | 1 2 3 4 5 6 |  6.9
Hexes          | 1 2 3 4 5 6 |  6.9
Summonings     | 1 2 3 4 5 6 |  6.9
Necromancy     | 1 2 3 4 5 7 |  7.6
Translocations | 1 2 3 4 5 6 |  6.9
Transmutations | 1 2 3 4 5 6 |  6.9
Fire Magic     | 1 2 3 4 5 6 |  6.9
Ice Magic      | 1 2 3 4 5 6 |  6.9
Air Magic      | 1 2 3 4 5 6 |  6.9
Earth Magic    | 1 2 3 4 5 6 |  6.9
Poison Magic   | 1 2 3 4 5 6 |  6.9
Fighting       | 5 6 7 8 9 |  9.5
Throwing       | 5 6 7 8 9 |  9.5
Polearms       | 7 8 9 10 | 10.6
Dodging        | 7 8 9 10 | 10.6

Action                     |  1- 3 |  4- 6 |  7- 9 | 10-12 | 13-15 || total
---------------------------+-------+-------+-------+-------+-------++-------
  Melee: Trident           |   114 |   111 |       |       |       ||   225
         Bite              |     9 |    14 |    43 |    76 |     9 ||   151
         Hand axe          |       |    68 |   359 |       |       ||   427
         Scimitar          |       |       |    30 |   398 |       ||   428
         Demon whip        |       |       |       |    26 |    48 ||    74
   Fire: Hand cannon       |       |       |       |    10 |       ||    10
  Throw: Javelin           |       |       |       |     1 |       ||     1
   Cast: Freeze            |     1 |       |    11 |     1 |       ||    13
         Sticky Flame      |       |       |       |    55 |     4 ||    59
         Airstrike         |       |       |       |    54 |    13 ||    67
         Flame Wave        |       |       |       |    20 |     4 ||    24
  Evoke: Wand              |       |       |       |    28 |       ||    28
         Condenser vane    |       |       |       |     2 |       ||     2
    Use: Scroll            |       |     1 |    13 |    19 |     1 ||    34
         Potion            |       |       |    11 |    10 |     1 ||    22
   Stab: Sleeping          |       |     3 |     3 |     2 |     1 ||     9
         Distracted        |       |     1 |       |     1 |       ||     2
         Confused          |       |       |       |     4 |       ||     4
 Armour: Ring mail         |    35 |    68 |   273 |    82 |       ||   458
         Skin              |       |       |     4 |     3 |       ||     7
         Robe              |       |       |       |    46 |       ||    46
         Swamp dragon scal |       |       |       |   220 |    38 ||   258
  Dodge: Dodged            |    47 |    85 |   282 |   441 |    61 ||   916
  Block: Buckler           |     5 |    28 |   123 |   177 |    24 ||   357

Table legend: (Time is in decaauts)
 A = Elapsed time spent in this place.
 B = Non-inter-level travel time spent in this place.
 C = Inter-level travel time spent in this place.
 D = Time resting spent in this place.
 E = Time spent auto-exploring this place.
 F = Levels seen in this place.
 G = Mean time per level.
                   A        B        C        D        E       F      G
               +--------+--------+--------+--------+--------+-----+--------+
         Total |  18869 |  18470 |    399 |   6583 |   7939 |  15 | 1257.9 |
       Dungeon |  13381 |  12990 |    391 |   3652 |   6809 |  11 | 1216.5 |
          Lair |    999 |    991 |      8 |    276 |    553 |   2 |  499.5 |
       Ossuary |    401 |    401 |      0 |    139 |    155 |   1 |  401.0 |
      Ice Cave |   4087 |   4087 |      0 |   2515 |    422 |   1 | 4087.0 |
               +--------+--------+--------+--------+--------+-----+--------+

Top non-repeatable levels by time:
   IceCv: 4087 daAuts
    D:10: 2349 daAuts
     D:4: 1553 daAuts
     D:5: 1252 daAuts
    D:11: 1229 daAuts
     D:9: 1196 daAuts
     D:6: 1057 daAuts
     D:3: 1043 daAuts
     D:8: 1009 daAuts
     D:1: 972 daAuts
  Lair:1: 949 daAuts
     D:7: 916 daAuts
     D:2: 800 daAuts
 Ossuary: 401 daAuts
  Lair:2: 49 daAuts
